 Dungeon Crawl Stone Soup version 0.31-a0-960-g0fca184906 (webtiles) character file.

Game seed: 16971433838158349696

494 Xavori the Trooper (level 7, -3/52 HPs)
             Began as a Djinni Chaos Knight on Oct 23, 2023.
             Was a Plaything of Xom.
             Splashed by a jelly's acid (8 damage)
             ... on level 5 of the Dungeon.
             The game lasted 00:05:08 (11783 turns).

Xavori the Trooper (Djinni Chaos Knight)           Turns: 11783, Time: 00:05:09

Health: -3/52      AC:  0    Str: 15    XL:     7   Next: 38%
Gold:   207        EV: 13    Int: 12    God:    Xom [...*..] SH:  0 Dex: 14

rFire   + + .        h - +2 falchion (protect)
rCold   x . .        (no shield)
rNeg    . . .        b - +2 leather armour
rPois   ∞            (no helmet)
rElec   .            (no cloak)
rCorr   .            d - +2 pair of gloves
SInv    .            (boots unavailable)
Will    .....        g - amulet of faith
Stlth   +            (no ring)
HPRegen 0.28/turn    (no ring)
MPRegen 0.00/turn

%: faith, infuse magic (-4 HP)
@: corroded, under a protective aura, flying
A: sickness immunity, fire resistance 2, cold vulnerability 1, float, innate
caster, HP casting, extra vitality 1, iridescent scales 1, deformed body,
mutation resistance 1, sense surroundings 1, strong 1
a: Renounce Religion


You were on level 5 of the Dungeon.
You worshipped Xom.
You were a favourite toy of Xom.
You visited 1 branch of the dungeon, and saw 5 of its levels.

You collected 207 gold pieces.

Inventory:

Hand Weapons
 h - a +2 falchion of protection (weapon)
Missiles
 n - a throwing net
Armour
 b - a +2 leather armour (worn)
 d - a +2 pair of gloves (worn)
Jewellery
 g - an amulet of faith (around neck)
Wands
 i - a wand of light (9)
Scrolls
 c - a scroll of butterflies
 e - 2 scrolls of teleportation
 j - a scroll of blinking
 k - a scroll of vulnerability
 l - 2 scrolls of fog
Potions
 a - 3 potions of heal wounds {unknown}
 m - a potion of curing {unknown}


   Skills:
 + Level 4.2 Fighting
 + Level 3.8 Long Blades
 + Level 3.0 Armour
 + Level 3.9 Dodging
 * Level 2.5 Spellcasting
 * Level 2.5 Conjurations
 * Level 2.5 Hexes
 * Level 2.5 Summonings
 * Level 2.5 Necromancy
 * Level 2.5 Translocations
 * Level 2.5 Transmutations
 * Level 2.5 Fire Magic
 * Level 2.5 Ice Magic
 * Level 2.5 Air Magic
 * Level 2.5 Earth Magic
 * Level 2.5 Poison Magic


You knew the following spells:

 Your Spells              Type           Power      Damage    Failure   Level
a - Magic Dart            Conj           28%        1d4       12%         1
b - Poisonous Vapours     Pois/Air       14%        N/A       17%         2
c - Inner Flame           Hex/Fire       7%         N/A       34%         3
Your spell library was empty.

Dungeon Overview and Level Annotations

Branches:
Dungeon (5/15)             Temple (0/1) D:4

Altars:
Ashenzari
Xom


Innate Abilities, Weirdness & Mutations

You are immune to sickness and miasma.
You are immune to poison.
Your flesh is very heat resistant. (rF++)
You are vulnerable to cold. (rC-)
You float through the air rather than walking.
You learn spells naturally, not from books.
Your magical power is your life essence.
You have superior vitality. (+4 MHP)
You are partially covered in iridescent scales. (AC +2)
Armour fits poorly on your strangely shaped body.
You are somewhat resistant to further mutation.
You passively map a small area around you.
Your muscles are strong. (Str +4, Int/Dex -1)


Message History

You slash the jelly!
Your weapon exudes an aura of protection.
The acid corrodes you!
Your hands burn!
The jelly is heavily wounded.
The jelly hits you. The acid corrodes you!
You are splashed with acid!
You barely miss the jelly.
The jelly is heavily wounded.
The jelly barely misses you.
Unknown command.
You hit the jelly.
Your hands burn!
The jelly is heavily wounded.
The jelly closely misses you.
You hit the jelly. The acid corrodes you!
Your hands burn!
The jelly is almost dead.
The jelly barely misses you.
You hit the jelly but do no damage.
Your hands burn!
The jelly is almost dead.
The jelly hits you but does no damage.
You hit the jelly but do no damage.
Your hands burn!
The jelly is almost dead.
The jelly closely misses you.
You hit the jelly. The acid corrodes you!
Your hands burn!
The jelly is almost dead.
The jelly barely misses you.
Unknown command.
You hit the jelly but do no damage.
Your hands burn!
The jelly is almost dead.
The jelly misses you. The jelly closely misses you.
You hit the jelly but do no damage.
Your hands burn!
The jelly is almost dead.
The jelly hits you.
You are splashed with acid!
* * * LOW HITPOINT WARNING * * *
You hit the jelly but do no damage.
Your hands burn!
* * * LOW HITPOINT WARNING * * *
The jelly is almost dead.
The jelly hits you.
* * * LOW HITPOINT WARNING * * *
You are splashed with acid!
You die...
Xom guffaws!

#####...# #.#
#.......# #.#
* * #.=.....#
#.# * ,
#.......# #.#
##.......#
#.# *,
#........####
#.# *
#...........#
#.#
#.......###.#
#.# ,
...###@"#
#.#####†# ,
#...J..#
#.......#
#..>...#
######### , ,
#......#
#.###..#
#.,,...# #,
#..# , *
,...# *, * *
* ** *


You could see a jelly.

Vanquished Creatures
  A hound (D:5)
  An orc wizard (D:4)
  7 gnolls
  An adder (D:3)
  A shadow imp (D:4)
  A worm (D:3)
  A dart slug (D:1)
  4 orcs (D:4)
  6 ball pythons
  8 endoplasms
  3 giant cockroaches
  6 hobgoblins
  10 jackals
  2 quokkas
  4 bats
  5 frilled lizards
  5 goblins
  13 kobolds
  3 rats
82 creatures vanquished.

Vanquished Creatures (collateral kills)
  A hornet (D:5)
  Terence (D:2)
  4 gnolls (D:3)
  A dart slug (D:1)
  A kobold (D:1)
8 creatures vanquished.

Grand Total: 90 creatures vanquished

Notes
Turn   | Place    | Note
-------+----------+-------------------------------------------
     0 | D:1      | Xavori the Djinni Chaos Knight began the quest for the Orb.
     0 | D:1      | Reached XP level 1. HP: 20/20 MP: 0/0
   123 | D:1      | XOM: cast spell 'Call Canine Familiar'
   126 | D:1      | Reached XP level 2. HP: 25/25 MP: 0/0
   184 | D:1      | Reached XP level 3. HP: 29/30 MP: 0/0
   184 | D:1      | Learned a level 1 spell: Magic Dart
   246 | D:1      | Found a faded altar of an unknown god.
   339 | D:1      | XOM: butterfly on damage
   345 | D:1      | XOM: silly message
   418 | D:1      | XOM: silly message
   738 | D:1      | XOM: noise
   795 | D:1      | Reached skill level 1 in Spellcasting
   795 | D:1      | Reached skill level 1 in Conjurations
   795 | D:1      | Reached skill level 1 in Hexes
   795 | D:1      | Reached skill level 1 in Summonings
   795 | D:1      | Reached skill level 1 in Necromancy
   795 | D:1      | Reached skill level 1 in Translocations
   795 | D:1      | Reached skill level 1 in Transmutations
   795 | D:1      | Reached skill level 1 in Fire Magic
   795 | D:1      | Reached skill level 1 in Ice Magic
   795 | D:1      | Reached skill level 1 in Air Magic
   795 | D:1      | Reached skill level 1 in Earth Magic
   795 | D:1      | Reached skill level 1 in Poison Magic
  3212 | D:1      | XOM: noise
  3644 | D:1      | XOM: scenery: summon butterflies
  4088 | D:1      | XOM: scenery: summon butterflies
  4152 | D:1      | XOM: summons 2 hostile shadow creatures
  4317 | D:2      | XOM: 1-stop teleportation journey
  4677 | D:1      | XOM: summons 1 hostile shadow creature
  4852 | D:2      | XOM: stat loss: -1 Str (10/11)
  5844 | D:1      | XOM: give mutations
  5844 | D:1      | Gained mutation: You occasionally lose the ability to read
                  | scrolls when taking damage. [Xom's mischief]
  5844 | D:1      | Gained mutation: Armour fits poorly on your strangely
                  | shaped body. [Xom's mischief]
  5844 | D:1      | Gained mutation: Potions are less effective at restoring
                  | your health. [Xom's mischief]
  6383 | D:1      | XOM: summons 1 hostile demon
  6664 | D:2      | XOM: 3-stop teleportation journey
  6707 | D:2      | Reached XP level 4. HP: 35/35 MP: 0/0
  6817 | D:2      | Identified the +10 hand axe of the Dead {freeze, rPois
                  | Int+2}
  6878 | D:2      | XOM: scenery: 1 doors close
  7024 | D:2      | XOM: scenery: create altars
  7041 | D:2      | Noticed Terence
  7049 | D:2      | XOM: smoke on damage
  7051 | D:2      | XOM: scenery: create altars
  7057 | D:2      | Killed Terence
  7226 | D:2      | XOM: divination: detect creatures
  7865 | D:3      | XOM: scenery: create altars
  7985 | D:3      | Reached XP level 5. HP: 28/40 MP: 0/0
  7985 | D:3      | Learned a level 2 spell: Poisonous Vapours
  8648 | D:2      | XOM: noise
  8785 | D:2      | XOM: god gift: scroll labelled ICEM FAOBUWIQ {god gift}
  8834 | D:2      | XOM: summons 3 hostile demons
  9136 | D:2      | XOM: give mutations
  9136 | D:2      | Gained mutation: You are somewhat resistant to further
                  | mutation. [Xom's mischief]
  9136 | D:2      | Gained mutation: You passively map a small area around you.
                  | [Xom's mischief]
  9136 | D:2      | Lost mutation: You occasionally lose the ability to read
                  | scrolls when taking damage. [Xom's mischief]
  9370 | D:2      | XOM: give mutations
  9370 | D:2      | Gained mutation: You are partially covered in iridescent
                  | scales. (AC +2) [Xom's mischief]
  9370 | D:2      | Gained mutation: Your muscles are strong. (Str +4, Int/Dex
                  | -1) [Xom's mischief]
  9370 | D:2      | Lost mutation: Potions are less effective at restoring your
                  | health. [Xom's mischief]
 10101 | D:4      | Found a staircase to the Ecumenical Temple.
 10158 | D:4      | Reached XP level 6. HP: 30/47 MP: 0/0
 10169 | D:4      | XOM: enchant monster (bad)
 10323 | D:4      | XOM: give mutations
 10323 | D:4      | Gained mutation: You possess an exceptional clarity of
                  | mind. [Xom's mischief]
 10323 | D:4      | Lost mutation: You possess an exceptional clarity of mind.
                  | [Xom's mischief]
 10439 | D:4      | XOM: polymorph dart slug -> quokka
 10608 | D:4      | XOM: scenery: create altars
 10663 | D:4      | XOM: god gift: rapier {god gift}
 10764 | D:4      | Found a broken altar of Ashenzari.
 10806 | D:4      | XOM: scenery: 1 doors open
 11228 | D:4      | XOM: scenery: summon butterflies
 11447 | D:5      | Entered Level 5 of the Dungeon
 11449 | D:5      | Noticed a hornet
 11451 | D:5      | XOM: summons friendly iron imp
 11460 | D:5      | Killed a hornet
 11461 | D:5      | Reached skill level 4 in Fighting
 11461 | D:5      | Reached XP level 7. HP: 11/52 MP: 0/0
 11461 | D:5      | Learned a level 3 spell: Inner Flame
 11783 | D:5      | Splashed by a jelly's acid

Illustrated notes

Levels and vault maps discovered:
D:1:      scummos_arrival_hexagon, layout_loops_ring, basic_ecumenical_altar
D:2:      layout_basic, uniq_terence
D:3:      layout_loops_cross, nicolae_grassy_gnolls
D:4:      layout_basic, nicolae_ashenzari_panopticon, minmay_temple_entry_trees
D:5:      minmay_polygon_palace, layout_basic

Skill      XL: |  1  2  3  4  5  6 |
---------------+-------------------+-----
Long Blades    | 3 |  3.8
Spellcasting   | 1 2 |  2.5
Conjurations   | 1 2 |  2.5
Hexes          | 1 2 |  2.5
Summonings     | 1 2 |  2.5
Necromancy     | 1 2 |  2.5
Translocations | 1 2 |  2.5
Transmutations | 1 2 |  2.5
Fire Magic     | 1 2 |  2.5
Ice Magic      | 1 2 |  2.5
Air Magic      | 1 2 |  2.5
Earth Magic    | 1 2 |  2.5
Poison Magic   | 1 2 |  2.5
Armour         | 2 3 |  3.0
Dodging        | 3 |  3.9
Fighting       | 4 |  4.2

Action                     |  1- 3 |  4- 6 |  7- 9 || total
---------------------------+-------+-------+-------++-------
  Melee: Falchion          |   117 |   224 |    21 ||   362
         Punch             |       |     4 |     1 ||     5
  Evoke: Wand              |       |     2 |       ||     2
    Use: Scroll            |       |     9 |       ||     9
   Stab: Sleeping          |     3 |       |     1 ||     4
         Invisible         |       |     2 |       ||     2
 Armour: Leather armour    |    57 |   169 |    11 ||   237
  Dodge: Dodged            |    80 |   152 |    18 ||   250

Table legend: (Time is in decaauts)
 A = Elapsed time spent in this place.
 B = Non-inter-level travel time spent in this place.
 C = Inter-level travel time spent in this place.
 D = Time resting spent in this place.
 E = Time spent auto-exploring this place.
 F = Levels seen in this place.
 G = Mean time per level.
                   A        B        C        D        E       F      G
               +--------+--------+--------+--------+--------+-----+--------+
         Total |  11840 |  11679 |    161 |   8134 |   2731 |   5 | 2368.0 |
       Dungeon |  11840 |  11679 |    161 |   8134 |   2731 |   5 | 2368.0 |
               +--------+--------+--------+--------+--------+-----+--------+

Top non-repeatable levels by time:
     D:1: 6043 daAuts
     D:2: 3105 daAuts
     D:4: 1600 daAuts
     D:3: 994 daAuts
     D:5: 96 daAuts
